 Dungeon Crawl Stone Soup version 0.19.0-22-gd96e5fe (webtiles) character file.

37 Melicamp the Sneak (level 3, -2/16 HPs)
             Began as a Spriggan Enchanter on Nov 19, 2016.
             Slain by a gnoll
             ... wielding a +0 halberd
              (3 damage)
             ... on level 2 of the Dungeon.
             The game lasted 00:07:01 (1413 turns).

Melicamp the Sneak (Spriggan Enchanter)             Turns: 1413, Time: 00:07:01

Health: -2/16      AC:  4    Str:  4    XL:     3   Next: 21%
Magic:  4/8        EV: 18    Int: 16    God:
Gold:   51         SH:  0    Dex: 17    Spells: 3 memorised, 1 level left

rFire  . . .     SeeInvis +     a - +1 dagger
rCold  . . .     Gourm    .     b - +2 robe
rNeg   . . .     Faith    .     (shield restricted)
rPois  .         Spirit   .     (helmet restricted)
rElec  .         Reflect  .     (no cloak)
rCorr  .         Harm     .     (gloves unavailable)
MR     .....                    (boots unavailable)
Stlth  +++.......               (no amulet)
                                (no ring)
                                (no ring)

@: very quick
A: unfitting armour, see invisible, herbivore 3, speed 3, slow metabolism 2
a: no special abilities


You were on level 2 of the Dungeon.
You were not hungry.

You visited 1 branch of the dungeon, and saw 2 of its levels.

You collected 51 gold pieces.

Inventory:

Hand Weapons
 a - a +1 dagger (weapon)
Armour
 b - a +2 robe (worn)
Scrolls
 j - a scroll of fog
Potions
 e - a potion of ambrosia
 f - a potion of berserk rage {unknown}
 g - a potion of flight {unknown}
 h - a potion of mutation {unknown}
Books
 c - a book of Maledictions

   Spells                             Type                      Level
   a - Corona                         Hexes                        1
   b - Ensorcelled Hibernation        Hexes/Ice                    2
   c - Confuse                        Hexes                        3
   d - Tukima's Dance                 Hexes                        3
   e - Dazzling Spray                 Conjuration/Hexes            3
Comestibles
 d - a bread ration
 i - a fruit


   Skills:
 + Level 2.2 Short Blades
 - Level 3.0 Dodging
 * Level 5.9 Stealth
 - Level 2.6 Spellcasting
 - Level 3.6 Hexes


You had one spell level left.
You knew the following spells:

 Your Spells              Type           Power        Failure   Level  Hunger
a - Corona                Hex            ##.....      6%          1    #......
b - Ensorcelled Hibernat  Hex/Ice        #.....       17%         2    ##.....
c - Confuse               Hex            ##......     14%         3    ###....


Dungeon Overview and Level Annotations

Branches:
Dungeon (2/15)

Altars:


Innate Abilities, Weirdness & Mutations

You are very small and have problems with some larger weapons.
You are too small for most types of armour.
You have supernaturally acute eyesight. (SInv)
You are a herbivore.
You cover ground extremely quickly.
You need consume almost no food.


Message History

You kill the gnoll!
A goblin comes into view. It is wielding a club.
The gnoll hits you from afar with a spear.
The gnoll barely misses you.
The gnoll hits you from afar with a halberd.
You see here a whip.
The ball python hisses angrily.
The goblin shouts!
You hit the gnoll.
The gnoll is lightly wounded.
The gnoll hits you from afar with a spear.
The gnoll hits the gnoll with a halberd.
The gnoll hits you from afar with a halberd!
* * * LOW HITPOINT WARNING * * *
You hit the gnoll.
The gnoll is heavily wounded.
The gnoll barely misses you.
You barely miss the gnoll.
The gnoll is heavily wounded.
The gnoll seems less confused.
The gnoll hits you with a halberd.
You die...

.# .# .#
############# .#
............# .#
###..######.# .#
#..#
##.######g###...
#..#
#......@gSg.....
#..#
#..######g###...
###..#####..# .#
............. >#
......####..# ##
##..#.# #...
#..#.# #...
#..#.# #..
#..#.#


You could see 3 gnolls, a goblin and a ball python.

Vanquished Creatures
  A gnoll (D:2)
  A dart slug (D:1)
  A leopard gecko (D:2)
  2 giant cockroaches (D:1)
  7 goblins
  2 hobgoblins (D:1)
  A ball python (D:1)
  4 bats
  4 frilled lizards (D:1)
  3 kobolds
  A rat (D:2)
27 creatures vanquished.

Notes
Turn   | Place    | Note
-------+----------+-------------------------------------------
     0 | D:1      | Melicamp the Spriggan Enchanter began the quest for the Orb.
     0 | D:1      | Reached XP level 1. HP: 9/9 MP: 5/5
   342 | D:1      | Reached XP level 2. HP: 13/13 MP: 6/6
   357 | D:1      | Reached skill level 5 in Stealth
   694 | D:1      | Learned a level 2 spell: Ensorcelled Hibernation
  1196 | D:2      | Reached XP level 3. HP: 15/16 MP: 2/8
  1398 | D:2      | Learned a level 3 spell: Confuse
  1413 | D:2      | Slain by a gnoll

Skill      XL: |  1  2 |
---------------+-------+-----
Stealth        | 5 |  5.9
Short Blades   | 2 |  2.2
Dodging        | |  3.0
Spellcasting   | |  2.6
Hexes          | |  3.6

Action                   || total
-------------------------++-------
Melee: Dagger            ||   102
 Cast: Ensorcelled Hiber ||     5
       Confuse           ||     1
  Use: Scroll            ||     7
 Stab: Sleeping          ||    10
       Distracted        ||     1
Armor: Robe              ||    19
Dodge: Dodged            ||    83
